 Dungeon Crawl Stone Soup version 0.20.0-9-g8272e65 (webtiles) character file.

55 JarielCorvus the Magician (level 3, -7/19 HPs)
             Began as a Deep Elf Wizard on June 2, 2017.
             Mangled by an orc
             ... wielding a +0 flail
              (9 damage)
             ... on level 3 of the Dungeon.
             The game lasted 00:08:42 (1574 turns).

JarielCorvus the Magician (Deep Elf Wizard)         Turns: 1574, Time: 00:08:43

Health: -7/19      AC:  2    Str:  6    XL:     3   Next: 67%
Magic:  12/12      EV: 13    Int: 23    God:
Gold:   140        SH:  0    Dex: 13    Spells: 2/13 levels left

rFire    . . .     SeeInvis .   f - +1 spear
rCold    . . .     Gourm    .   (no shield)
rNeg     . . .     Faith    .   a - +0 robe
rPois    .         Spirit   .   b - +0 hat
rElec    .         Reflect  .   (no cloak)
rCorr    .         Harm     .   (no gloves)
MR       .....                  (no boots)
Stlth    ++........             (no amulet)
Regen    0.1/turn               i - +2 ring of strength
MPRegen  0.2/turn               m - ring of wizardry

@: no status effects
A: no striking features
a: no special abilities


You were on level 3 of the Dungeon.
You were not hungry.

You visited 1 branch of the dungeon, and saw 3 of its levels.

You collected 140 gold pieces.

Inventory:

Hand Weapons
 f - a +1 spear (weapon)
Armour
 a - a +0 robe (worn)
 b - a +0 hat (worn)
Jewellery
 i - a +2 ring of strength (left hand)
 m - a ring of wizardry (right hand)
Scrolls
 p - a scroll of recharging
 q - a scroll of remove curse
Potions
 g - a potion of magic {unknown}
 k - a potion of flight {unknown}
 l - a potion of cancellation {unknown}
 n - a potion of degeneration {unknown}
 o - a potion of ambrosia {unknown}
 s - a potion of mutation {unknown}
 t - a potion of agility {unknown}
 v - a potion of lignification {unknown}
 w - 2 potions of curing {unknown}
 x - a potion of resistance {unknown}
Books
 c - a book of Minor Magic

   Spells                             Type                      Level
   a - Magic Dart                     Conjuration                  1
   b - Blink                          Translocation                2
   c - Call Imp                       Summoning                    2
   d - Slow                           Hexes                        2
   e - Conjure Flame                  Conjuration/Fire             3
   f - Mephitic Cloud                 Conjuration/Poison/Air       3
Comestibles
 d - 2 bread rations
 r - a fruit


   Skills:
 - Level 2.4 Dodging
 - Level 2.4 Stealth
 * Level 5.8 Spellcasting
 + Level 2.5 Conjurations
 - Level 1.1 Summonings
 - Level 1.1 Translocations


You had 2 spell levels left.
You knew the following spells:

 Your Spells              Type           Power        Failure   Level  Hunger
a - Magic Dart            Conj           ###.         1%          1    None
b - Blink                 Tloc           N/A          3%          2    None
c - Call Imp              Summ           ##......     3%          2    None
d - Conjure Flame         Conj/Fire      ##......     6%          3    #......
e - Mephitic Cloud        Conj/Pois/Air  ##......     8%          3    #......


Dungeon Overview and Level Annotations

Branches:
Dungeon (3/15)

Altars:

Annotations:
D:3 lazylenya's ghost, amateur CeHu


Message History

You climb upwards.
There is a stone staircase leading down here.
Magic restored.
There is a stone staircase leading up here.
There is a stone staircase leading down here.
You climb downwards.
Level annotation: lazylenya's ghost, amateur CeHu An adder comes into view.
The orc shouts!
The hobgoblin shouts!
The adder hisses angrily.
The orc shouts!
The hobgoblin hits you with a club. The orc hits you with a flail!
Ouch! That really hurt!
The orc hits you with a club.
* * * LOW HITPOINT WARNING * * *
There is a stone staircase leading up, spattered with blood here.
The hobgoblin barely misses you. The orc misses you.
The orc hits you with a whip.
* * * LOW HITPOINT WARNING * * *
Found a stone staircase leading down.
The orc hits you with a flail!
You die...

##........#
......>...#
#........#
#........#
........# .
......###..
##...<....#
#..@.S.##
###.g.o...#
#...ooo...#
..o.#o.....$#
##.........##
#####.....#
.......#
#.......# .
........#


You could see an adder, 6 orcs and a hobgoblin.

Vanquished Creatures
  An adder (D:2)
  An ooze (D:1)
  A worm (D:2)
  A leopard gecko (D:1)
  6 bats
  2 giant cockroaches
  4 goblins
  5 hobgoblins (D:1)
  3 jackals
  5 frilled lizards
  3 kobolds
  4 rats
36 creatures vanquished.

Notes
Turn   | Place    | Note
-------+----------+-------------------------------------------
     0 | D:1      | JarielCorvus the Deep Elf Wizard began the quest for the Orb.
     0 | D:1      | Reached XP level 1. HP: 10/10 MP: 7/7
   128 | D:1      | Reached XP level 2. HP: 15/15 MP: 4/9
   266 | D:1      | Reached skill level 5 in Spellcasting
   553 | D:1      | Reached XP level 3. HP: 19/19 MP: 2/11
   734 | D:1      | Learned a level 2 spell: Blink
   737 | D:1      | Learned a level 2 spell: Call Imp
   741 | D:1      | Learned a level 3 spell: Conjure Flame
   745 | D:1      | Learned a level 3 spell: Mephitic Cloud
  1550 | D:3      | Noticed lazylenya's ghost (amateur CeHu)
  1574 | D:3      | Mangled by an orc

Skill      XL: |  1  2 |
---------------+-------+-----
Spellcasting   | 5 |  5.8
Conjurations   | 2 |  2.5
Dodging        | |  2.4
Stealth        | |  2.4
Summonings     | |  1.1
Translocations | |  1.1

Action                   || total
-------------------------++-------
Melee: Spear             ||    11
 Cast: Magic Dart        ||    90
  Use: Scroll            ||     7
  Eat: Bread ration      ||     1
Armor: Robe              ||     2
Dodge: Dodged            ||    23
